 Dungeon Crawl Stone Soup version 0.22.1-2-g9c5b331 (webtiles) character file.

32610 aMcNicky the Markscentaur (level 13, -1/117 HPs)
             Began as a Centaur Arcane Marksman on Nov 26, 2018.
             Was a High Priest of Dithmenos.
             Slain by a large slime creature (26 damage)
             ... on level 13 of the Dungeon on Nov 28, 2018.
             The game lasted 02:06:34 (23192 turns).

aMcNicky the Markscentaur (CeAM)                   Turns: 23192, Time: 02:06:35

Health: -1/117     AC: 18    Str: 15    XL:     13   Next: 32%
Magic:  20/20      EV: 10    Int: 12    God:    Dithmenos [*****.]
Gold:   1047       SH:  0    Dex: 19    Spells: 13/14 levels left

rFire    . . .     SeeInvis .   b - +3 halberd (venom)
rCold    . . .     Gourm    .   (shield currently unavailable)
rNeg     . . .     Faith    .   E - +4 ring mail
rPois    .         Spirit   .   u - +1 helmet
rElec    .         Reflect  .   x - +0 cloak
rCorr    .         Harm     .   r - +2 pair of gloves
MR       .....                  (no barding)
Stlth    +.........             g - amulet of regeneration
HPRegen  0.69/turn              O - +2 ring of protection
MPRegen  0.17/turn              X - +6 ring of dexterity

@: wreathed by umbra, very quick
A: large, hooves 3, deformed body, speed 2, tough skin 3
a: Shadow Step, Shadow Form, Renounce Religion


You were on level 13 of the Dungeon.
You worshipped Dithmenos.
Dithmenos was extremely pleased with you.
You were not hungry.

You visited 4 branches of the dungeon, and saw 17 of its levels.
You visited the Abyss 1 time.
You also visited: Bailey.

You collected 1374 gold pieces.
You spent 327 gold pieces at shops.

Inventory:

Hand Weapons
 a - a +0 shortbow
 b - a +3 halberd of venom (weapon)
 U - a +5 spear
Missiles
 d - 86 arrows
 o - 494 stones (quivered)
 W - 4 throwing nets
Armour
 r - a +2 pair of gloves (worn)
 u - a +1 helmet (worn)
 x - a +0 cloak (worn)
 B - a scarf of cloud immunity
 E - a +4 ring mail (worn)
 Y - a +1 plate armour of magic resistance
 Z - a +0 buckler of positive energy
Jewellery
 g - an amulet of regeneration (around neck)
 s - a cursed ring of attention {unknown}
 N - an uncursed ring of positive energy
 O - a +2 ring of protection (left hand)
 R - an uncursed ring of resist corrosion
 X - a +6 ring of dexterity (right hand)
Wands
 w - a wand of random effects (10)
 K - a wand of paralysis (7)
 T - a wand of iceblast (3)
Scrolls
 c - a scroll of identify {@r1}
 i - a scroll of blinking
 m - 2 scrolls of remove curse {@r2}
 n - 5 scrolls of fog
 t - 3 scrolls of fear
 y - 4 scrolls of teleportation {@r4}
 z - 2 scrolls of amnesia
 C - 3 scrolls of enchant weapon
 F - a scroll of immolation {unknown}
 H - a scroll of silence {unknown}
 L - a scroll of holy word
 P - 2 scrolls of magic mapping
 S - a scroll of noise {unknown}
Potions
 e - 4 potions of brilliance
 h - 2 potions of heal wounds {unknown}
 j - a potion of cancellation
 k - a potion of agility {unknown}
 l - 4 potions of haste {@q3}
 p - a potion of invisibility {unknown}
 q - 6 potions of curing {@q1}
 v - 4 potions of lignification
 A - 2 potions of flight
 I - 2 potions of might
 J - 4 potions of magic
 M - a potion of degeneration {unknown}
 Q - a potion of berserk rage
Miscellaneous
 V - a sack of spiders
Comestibles
 f - 24 rations {@e1}


   Skills:
 + Level 11.8 Fighting
 + Level 10.4 Polearms
 + Level 15.5 Bows
 - Level 2.0 Armour
 - Level 3.0 Dodging
 - Level 1.0 Spellcasting
 - Level 2.6 Hexes
 + Level 10.2 Invocations


You had 13 spell levels left.
You knew the following spells:

 Your Spells              Type           Power        Failure   Level  Hunger
a - Corona                Hex            #......      19%         1    ##.....

Your spell library contained the following spells:

 Spells                   Type           Power        Failure   Level  Hunger
 Slow                     Hex            #.......     28%         2    ###....
 Ensorcelled Hibernation  Hex/Ice        #.....       45%         2    ###....
 Magic Dart               Conj           #...         50%         1    ##.....
 Confuse                  Hex            #.......     50%         3    ####...
 Tukima's Dance           Hex            #.......     50%         3    ####...
 Blink                    Tloc           N/A          65%         2    ###....
 Call Imp                 Summ           #.......     65%         2    ###....
 Dazzling Spray           Conj/Hex       #.....       69%         3    ####...
 Inner Flame              Hex/Fire       #.......     69%         3    ####...
 Portal Projectile        Hex/Tloc       #.....       69%         3    ####...
 Conjure Flame            Conj/Fire      #.......     86%         3    ####...
 Mephitic Cloud           Conj/Pois/Air  #.......     86%         3    ####...
 Cause Fear               Hex            #.........   88%         4    #####..
 Leda's Liquefaction      Hex/Erth       #.........   97%         4    #####..


Dungeon Overview and Level Annotations

Branches:
Dungeon (13/15)            Temple (1/1) D:7            Lair (1/6) D:11
    Orc (2/2) D:9
    Elf: Orc:2       Vaults: D:13-14

Altars:
Ashenzari
Cheibriados
Dithmenos
Elyvilon
Fedhas
Gozag
Hepliaklqana
Kikubaaqudgha
Makhleb
Nemelex Xobeh
Okawaru
Qazlal
Ru
Sif Muna
Trog
Uskayaw
Vehumet
Wu Jian
Xom
Yredelemnul
Zin
The Shining One

Shops:
D:12 %   Orc:2 (

Annotations:
D:8 1 runed door, Paps's ghost, novice DsFi
D:10 exclusion: downstairs
Lair:1 Sonja
Orc:2 Erolcha


Innate Abilities, Weirdness & Mutations

You have hooves in place of feet.
Armour fits poorly on your strangely shaped body.
You cover ground very quickly.
You have extremely tough skin. (AC +3)


Message History

The large slime creature is almost dead.
The large slime creature hits you!!
* * * LOW HITPOINT WARNING * * *
Okay, then.
The centaur shoots an arrow.
The arrow barely misses you.
You slash the large slime creature! You kick the large slime creature.
The large slime creature is almost dead.
The centaur shoots an arrow.
The arrow hits you.
* * * LOW HITPOINT WARNING * * *
The large slime creature closely misses you.
The centaur shouts!
Evoke which item? (* to show all) (? for menu, Esc to quit)
Attack whom?
Press: ? - help, Dir - move target cursor, f - centaur
Aim: a centaur, wielding a shortbow (umbra)
You reach to attack!
You puncture the centaur!
The centaur is poisoned.
The centaur is heavily wounded.
Your shadow hits the centaur from afar with a halberd!
The large slime creature hits you!!
You die...

. #......#...#
##......... ..
###.....######
##...##<..
#.##.......##
#########
.#...........####
......#.#.##c)..#
#........###(#.##
...#.#(###
#....#######
#.J.#
##(Jc......#
##... ##.@......#
#.... ##.......#
...... #.......#
J......#
.........
........
#........
cc♣.....##
#.......# ##
...###### #. ..##
#. #.


You could see a large slime creature and 2 centaurs.

Vanquished Creatures
  2 hydras
  3 two-headed ogres
  A death knight (D:12)
  5 death yaks
  An orc high priest (Orc:2)
  6 skeletal warriors (D:12)
  An unseen horror (D:11)
  Pikel (D:6)
  An orc knight (Orc:1)
  2 deep elf magi (D:12)
  A cyclops (D:12)
  2 ugly things
  A gargoyle (D:12)
  A komodo dragon (Lair:1)
  2 freezing wraiths (D:12)
  3 meliai (D:13)
  3 trolls
  A queen bee (D:13)
  2 hippogriffs
  6 slime creatures
  2 shadows (D:12)
  2 vampires (D:12)
  A human (D:8)
  2 wraiths (D:12)
  2 hungry ghosts
  15 yaks
  A basilisk (Lair:1)
  3 vampire mosquitoes (D:10)
  A warg (Orc:1)
  2 water moccasins (Lair:1)
  14 orc warriors
  4 ice beasts
  3 sky beasts
  2 phantoms
  A necrophage (D:6)
  2 black bears
  9 centaurs
  8 ogres
  7 wolves
  5 crocodiles
  4 big kobolds
  6 bullfrogs
  8 gnoll sergeants (Bailey)
  37 killer bees
  13 wights
  4 howler monkeys
  A centaur zombie (D:10)
  6 crimson imps
  A quasit (D:13)
  2 bullfrog zombies
  7 gnoll shamans
  21 orc wizards
  17 orc priests
  6 hounds
  2 jellies
  4 iguanas
  2 bullfrog skeletons
  6 worker ants
  2 worker ant zombies
  Robin (D:2)
  A howler monkey skeleton (D:4)
  17 gnolls
  10 adders
  2 shadow imps
  An ooze (D:1)
  2 adder skeletons
  An adder zombie (D:7)
  3 worms
  2 dart slugs
  2 leopard geckos
  42 orcs
  3 giant cockroaches
  16 goblins
  12 hobgoblins
  10 jackals
  22 kobolds
  6 quokkas
  3 ball pythons
  6 bats
  5 frilled lizards
  A leopard gecko skeleton (D:7)
  A leopard gecko zombie (D:5)
  7 rats
  A spectral orc (D:9)
457 creatures vanquished.

Vanquished Creatures (others)
  2 slaves (D:7)
  A phantom (D:7)
  A human (D:10)
  A wight (D:7)
  A shadow imp (D:7)
  An orc (D:7)
  A frilled lizard (D:1)
  A rat (D:1)
  A fungus (D:8)
  4 plants (D:8)
14 creatures vanquished.

Grand Total: 471 creatures vanquished

Notes
Turn   | Place    | Note
-------+----------+-------------------------------------------
     0 | D:1      | aMcNicky the Centaur Arcane Marksman began the quest for
                  | the Orb.
     0 | D:1      | Reached XP level 1. HP: 16/16 MP: 2/2
    68 | D:1      | Reached skill level 3 in Bows
    93 | D:1      | Reached XP level 2. HP: 16/23 MP: 3/3
   530 | D:1      | Reached skill level 4 in Bows
   623 | D:1      | Reached XP level 3. HP: 17/29 MP: 4/4
  1164 | D:1      | rf+ return
  1374 | D:2      | Reached skill level 5 in Bows
  1654 | D:2      | Found a deep blue altar of Sif Muna.
  1694 | D:2      | Reached XP level 4. HP: 36/36 MP: 5/5
  1787 | D:2      | Noticed Robin
  1824 | D:2      | Killed Robin
  2940 | D:3      | Reached XP level 5. HP: 44/44 MP: 6/6
  3018 | D:3      | Reached skill level 6 in Bows
  3294 | D:4      | Noticed an ogre
  3295 | D:4      | Noticed a phantom
  3475 | D:4      | Killed a phantom
  3559 | D:4      | Reached skill level 7 in Bows
  3590 | D:4      | Reached XP level 6. HP: 51/51 MP: 7/7
  4707 | D:4      | Reached skill level 1 in Polearms
  4707 | D:4      | Reached skill level 1 in Armour
  4805 | D:4      | Reached XP level 7. HP: 59/59 MP: 8/8
  5098 | D:5      | Entered Level 5 of the Dungeon
  5517 | D:5      | Reached skill level 8 in Bows
  5823 | D:5      | Reached XP level 8. HP: 60/67 MP: 9/9
  6973 | D:6      | Reached skill level 5 in Fighting
  7300 | D:6      | Reached skill level 9 in Bows
  7632 | D:6      | Found a glowing silver altar of Zin.
  7637 | D:6      | Found an opulent altar of Gozag.
  8165 | D:7      | Found a staircase to the Ecumenical Temple.
  8175 | Temple   | Entered the Ecumenical Temple
  8378 | Temple   | Became a worshipper of Dithmenos the Shadowed
  8567 | D:7      | Noticed Pikel
  8635 | D:6      | Killed Pikel
  8635 | D:6      | Reached skill level 10 in Bows
  8635 | D:6      | Reached XP level 9. HP: 61/78 MP: 10/10
  8780 | D:7      | Reached skill level 5 in Polearms
  9386 | D:7      | Found a hazy altar of Hepliaklqana.
  9386 | D:7      | Found a bloodstained altar of Trog.
  9936 | D:8      | Found a runed door.
 10256 | D:8      | Found a shimmering altar of Xom.
 10270 | D:8      | Reached * piety under Dithmenos
 10320 | D:8      | Noticed Paps's ghost (novice DsFi)
 10380 | D:8      | Reached skill level 11 in Bows
 10404 | D:8      | Reached skill level 1 in Invocations
 10512 | D:8      | Found a blossoming altar of Fedhas.
 10513 | D:8      | Found a shattered altar of Ashenzari.
 10577 | D:8      | Noticed a polar bear
 10947 | D:9      | Found a basalt altar of Yredelemnul.
 10980 | D:9      | Found an iron altar of Okawaru.
 11008 | D:9      | Reached XP level 10. HP: 76/88 MP: 11/11
 11037 | D:9      | Noticed a two-headed ogre
 11230 | D:9      | Killed a two-headed ogre
 11256 | D:9      | Found a staircase to the Orcish Mines.
 11514 | D:9      | Found a flagged portal.
 11520 | Bailey   | Entered a bailey
 11557 | Bailey   | Reached ** piety under Dithmenos
 13011 | D:10     | Entered Level 10 of the Dungeon
 13023 | D:10     | Reached skill level 12 in Bows
 13281 | D:10     | Noticed a red ugly thing
 13607 | D:10     | Found an ancient bone altar of Kikubaaqudgha.
 13920 | D:10     | Killed a red ugly thing
 14385 | D:10     | Reached *** piety under Dithmenos
 14385 | D:10     | Reached skill level 5 in Invocations
 14886 | D:10     | Reached XP level 11. HP: 76/97 MP: 14/14
 15211 | D:11     | Noticed a cyan ugly thing
 15415 | D:11     | Noticed a death yak
 15417 | D:11     | Noticed a death yak
 15472 | Orc:1    | Entered Level 1 of the Orcish Mines
 15702 | Orc:2    | Entered Level 2 of the Orcish Mines
 15787 | Orc:2    | Found Sakkiff's Weapon Boutique.
 15826 | Orc:2    | Bought a +3 halberd of venom for 327 gold pieces
 16195 | Orc:2    | Reached **** piety under Dithmenos
 16321 | Orc:2    | Reached skill level 13 in Bows
 16384 | Orc:2    | Noticed an orc high priest
 16403 | Orc:2    | Noticed a sixfirhy
 16472 | Orc:2    | Noticed a sixfirhy
 16541 | Orc:2    | Killed an orc high priest
 16595 | Orc:2    | Noticed an orc knight
 16708 | Orc:1    | Killed an orc knight
 16790 | Orc:2    | Noticed Erolcha
 16916 | D:11     | Killed an unseen horror
 17065 | D:11     | Noticed a death yak
 17070 | D:11     | Noticed a death yak
 17074 | D:11     | Noticed a death yak
 17107 | D:11     | Killed a death yak
 17107 | D:11     | Reached skill level 10 in Fighting
 17138 | D:10     | Killed a death yak
 17241 | D:11     | Killed a cyan ugly thing
 17384 | D:11     | Killed a death yak
 17426 | D:10     | Killed a death yak
 17426 | D:10     | Reached XP level 12. HP: 103/107 MP: 17/17
 17642 | D:10     | Killed a death yak
 17709 | D:11     | Found a staircase to the Lair.
 17892 | D:11     | Found a staircase to the Lair.
 18135 | D:11     | Found a staircase to the Lair.
 18436 | Lair:1   | Entered Level 1 of the Lair of Beasts
 18722 | Lair:1   | Noticed a seven-headed hydra
 18759 | Lair:1   | Reached skill level 14 in Bows
 18927 | Lair:1   | Killed a 15-headed hydra
 19170 | Lair:1   | Noticed Sonja
 19187 | Lair:1   | Cast into level 2 of the Abyss (Sonja)
 19249 | Lair:1   | Escaped the Abyss
 20044 | D:12     | Found Efiddao's Food Emporium.
 20784 | D:12     | Reached ***** piety under Dithmenos
 21118 | D:12     | Found an iron altar of Okawaru.
 21256 | D:12     | Reached skill level 10 in Polearms
 21575 | D:12     | Reached skill level 15 in Bows
 21609 | D:13     | Noticed a two-headed ogre
 21623 | D:12     | Killed a two-headed ogre
 21646 | D:13     | Noticed a death knight
 21803 | D:13     | Noticed a two-headed ogre
 21927 | D:12     | Reached XP level 13. HP: 83/116 MP: 20/20
 22468 | D:13     | Found a shattered altar of Ashenzari.
 22573 | D:12     | Reached skill level 10 in Invocations
 23192 | D:13     | Slain by a large slime creature

Skill      XL: |  1  2  3  4  5  6  7  8  9 10 11 12 13 |
---------------+----------------------------------------+-----
Bows           | 3 4 5 7 8 10 11 12 13 15 | 15.5
Fighting       | 2 3 4 6 7 9 10 11 | 11.8
Polearms       | 1 2 4 6 7 8 10 | 10.4
Armour         | 1 2 |  2.0
Dodging        | 2 3 |  3.0
Invocations    | 2 5 7 9 10 | 10.2
Spellcasting   | |  1.0
Hexes          | |  2.6

Action                   |  1- 3 |  4- 6 |  7- 9 | 10-12 | 13-15 || total
-------------------------+-------+-------+-------+-------+-------++-------
Melee: Unarmed           |    41 |    12 |       |       |       ||    53
       Kick              |    11 |    22 |    61 |   159 |    50 ||   303
       Spear             |       |   121 |   327 |    88 |    89 ||   625
       Halberd           |       |       |       |   926 |   126 ||  1052
       Glaive            |       |       |       |    27 |       ||    27
       Trident           |       |       |       |     8 |       ||     8
 Fire: Shortbow          |    67 |   165 |   360 |   465 |    42 ||  1099
Throw: Stone             |       |       |       |     3 |       ||     3
 Cast: Corona            |     3 |       |       |       |       ||     3
Evoke: Wand              |       |       |    15 |     6 |     4 ||    25
  Use: Scroll            |       |     1 |    12 |    14 |     1 ||    28
       Potion            |       |       |     2 |     3 |     1 ||     6
 Stab: Paralysed         |       |       |       |       |     3 ||     3
  Eat: Chunk             |     1 |     5 |    11 |    15 |     2 ||    34
       Ration            |       |     1 |     1 |     7 |     1 ||    10
Armor: Robe              |    16 |     3 |       |       |       ||    19
       Scale mail        |       |    70 |   111 |       |       ||   181
       Ring mail         |       |       |    52 |   482 |    97 ||   631
Dodge: Dodged            |    35 |    57 |    96 |   522 |    85 ||   795
